Workbook
Name \0: #REF!
Name \0: #REF!
Name \0: #REF!
Name \0: #REF!
Name \0: #REF!
Name \0: #REF!
Name \0: #REF!
Name \0: #REF!
Name \0: #REF!
Name \0: #REF!
Name \0: #REF!
Name \0: #REF!
Name \0: #REF!
Name \0: #REF!
Name \0: #REF!
Name \0: #REF!
Name \0: #REF!
Name \0: #REF!
Name \0: #REF!
Name \0: #REF!
Name \0: #REF!
Name \0: #REF!
Name \0: #REF!
Name \0: #REF!
Name \0: #REF!
Name \0: #REF!
Name \a: #REF!
Name \a: #REF!
Name \a: #REF!
Name \a: #REF!
Name \a: #REF!
Name \a: #REF!
Name \a: #REF!
Name \a: #REF!
Name \a: #REF!
Name \a: #REF!
Name \a: #REF!
Name \a: #REF!
Name \a: #REF!
Name \a: #REF!
Name \a: #REF!
Name \a: #REF!
Name \a: #REF!
Name \a: #REF!
Name \a: #REF!
Name \a: #REF!
Name \a: #REF!
Name \a: #REF!
Name \a: #REF!
Name \a: #REF!
Name \a: #REF!
Name \a: #REF!
Name \b: #REF!
Name \b: #REF!
Name \b: #REF!
Name \b: #REF!
Name \b: #REF!
Name \b: #REF!
Name \b: #REF!
Name \b: #REF!

Sheet COTIZACIONES 
B1: PRESUPUESTO OFICIAL DE OBRA MANTENIEMIENTO DEL EDIFICIO DE LA GOBERNACION DEL TOLIMA
B2: DESCRIPCIÓN | C2: UNIDAD | D2: CANT | E2: MULTISERVICIOS | G2: HENCAR | I2: HUGO
A3: N | E3: VALOR UNITARIO | F3: VALOR TOTAL | G3: VALOR UNITARIO | H3: VALOR TOTAL | I3: VALOR UNITARIO | J3: VALOR TOTAL | K3: VALOR UNITARIO PROMEDIO
A4: ACTIVIDADES POR REALIZAR
A5: 1 | B5: Mantenimiento del tablero de control BARI Booster. (Incluye revisión, cambio de contactores, modificación de conexiones, corrección de circuitos, verificación de tensión. Con suministro de materiales según necesidad). | C5: UND | D5: 1 | E5: 550000 | F5: =+E5*D5 -> 550000 | G5: 480175.5 | H5: =+G5*D5 -> 480175.5 | I5: 585514.5 | J5: =+I5*D5 -> 585514.5 | K5: =+'1.'!L45 -> 538563.33
A6: 2 | B6: Mantenimiento e instalación de circuitos eléctricos en tableros de distribución por piso. (Con suministro e instalación de cableado y accesorios eléctricos necesarios). | C6: UN | D6: 1 | E6: 173019.62 | F6: =+E6*D6 -> 173019.62 | G6: 182943 | H6: =+G6*D6 -> 182943 | I6: 200519 | J6: =+I6*D6 -> 200519 | K6: =+'2'!L43 -> 185493.88
A7: 3 | B7: Reemplazo de interruptores eléctricos. (Incluye suministro e instalación). | C7: UND | D7: 1 | E7: 67508.9 | F7: =+E7*D7 -> 67508.9 | G7: 86263 | H7: =+G7*D7 -> 86263 | I7: 86263 | J7: =+I7*D7 -> 86263 | K7: =+'3'!L47 -> 80011.633
A8: 4 | B8: Revisión y cambio de tomacorrientes. (Con suministro de nuevos tomacorrientes cuando se requiera). | C8: UND | D8: 1 | E8: 137225.02 | F8: =+E8*D8 -> 137225.02 | G8: 123743 | H8: =+G8*D8 -> 123743 | I8: 126519 | J8: =+I8*D8 -> 126519 | K8: =+'4'!L46 -> 129162.34
A9: 5 | B9: Revisión, diagnóstico y/o reemplazo de sensores de movimiento. (Incluye suministro si se requiere reemplazo). | C9: UND | D9: 1 | E9: 192834.37 | F9: =+E9*D9 -> 192834.37 | G9: 191297 | H9: =+G9*D9 -> 191297 | I9: 191297 | J9: =+I9*D9 -> 191297 | K9: =+'5'!L42 -> 191809.46
A10: 6 | B10: Desmonte, reparación y/o cambio de luminarias.(Con suministro de luminarias y repuestos cuando aplique). | C10: UND | D10: 1 | E10: 184954.02 | F10: =+E10*D10 -> 184954.02 | G10: 187141 | H10: =+G10*D10 -> 187141 | I10: 164141 | J10: =+I10*D10 -> 164141 | K10: =+'6'!L46 -> 178745.34
A11: 7 | B11: Revisión y mantenimiento de tableros eléctricos en todos los niveles de la Gobernación del Tolima. | C11: UND | D11: 1 | E11: 142857.65 | F11: =+E11*D11 -> 142857.65 | G11: 179726 | H11: =+G11*D11 -> 179726 | I11: 179726 | J11: =+I11*D11 -> 179726 | K11: =+'7'!L42 -> 167436.55
A12: 8 | B12: Mantenimiento de muros internos (resane y pintura). (Incluye suministro de masilla, pintura y herramientas menores). | C12: M2 | D12: 1 | E12: 27190.1 | F12: =+E12*D12 -> 27190.1 | G12: 59809.55 | H12: =+G12*D12 -> 59809.55 | I12: 40769.55 | J12: =+I12*D12 -> 40769.55 | K12: =+'8'!L42 -> 42589.733
A13: 9 | B13: Corrección y tratamiento de humedades. (Con suministro de impermeabilizantes y materiales de reparación). | C13: M2 | D13: 1 | E13: 145164.76 | F13: =+E13*D13 -> 145164.76 | G13: 205736.55 | H13: =+G13*D13 -> 205736.55 | I13: 205736.55 | J13: =+I13*D13 -> 205736.55 | K13: =+'9'!L42 -> 185545.95
A14: 10 | B14: Mantenimiento de bajantes, canales y sifones. (Incluye suministro de repuestos y sellantes según el diagnóstico). | C14: UN | D14: 1 | E14: 68662.181 | F14: =+E14*D14 -> 68662.181 | G14: 49986.454 | H14: =+G14*D14 -> 49986.454 | I14: 49986.454 | J14: =+I14*D14 -> 49986.454 | K14: =+'10'!L45 -> 56211.696
A15: 11 | B15: Inspección y corrección de goteras en cubierta. (Con suministro de sellantes, impermeabilizantes o tejas si se requiere). | C15: UN | D15: 1 | E15: 91032.429 | F15: =+E15*D15 -> 91032.429 | G15: 122673 | H15: =+G15*D15 -> 122673 | I15: 142673 | J15: =+I15*D15 -> 142673 | K15: =+'11'!L42 -> 118792.81
A16: 12 | B16: Aplicación de pintura sobre cielo raso. (Incluye suministro de pintura y elementos de aplicación). | C16: M2 | D16: 1 | E16: 28168.396 | F16: =+E16*D16 -> 28168.396 | G16: 33736.466 | H16: =+G16*D16 -> 33736.466 | I16: 33736.466 | J16: =+I16*D16 -> 33736.466 | K16: =+'12'!L42 -> 31880.443
A17: 13 | B17: Mantenimiento de pisos (emboquillado, cambio de baldosas, desmanchado). (Con suministro de baldosas, boquillas y adhesivos). | C17: M2 | D17: 1 | E17: 148244.63 | F17: =+E17*D17 -> 148244.63 | G17: 154681 | H17: =+G17*D17 -> 154681 | I17: 154681 | J17: =+I17*D17 -> 154681 | K17: =+'13'!L43 -> 152535.54
A18: 14 | B18: Fumigación y control de plagas por piso. (Incluye suministro de insumos y equipos de aplicación). | C18: UND | D18: 1 | E18: 1200000 | F18: =+E18*D18 -> 1200000 | G18: 1437500 | H18: =+G18*D18 -> 1437500 | I18: 1725000 | J18: =+I18*D18 -> 1725000 | K18: =+'14'!L43 -> 1454166.7
A19: 15 | B19: Reparación de estructura metálica con soldadura eléctrica. (Incluye suministro de electrodos, materiales de refuerzo y mano de obra especializada). | C19: UND | D19: 1 | E19: 300000 | F19: =+E19*D19 -> 300000 | G19: 458589.47 | H19: =+G19*D19 -> 458589.47 | I19: 620109.28 | J19: =+I19*D19 -> 620109.28 | K19: =+'15'!L45 -> 459566.25
A20: 16 | B20: Mantenimiento de escaleras (cinta antideslizante, pintura de barandas). (Con suministro e instalación de materiales). | C20: ML | D20: 1 | E20: 56866.308 | F20: =+E20*D20 -> 56866.308 | G20: 63317 | H20: =+G20*D20 -> 63317 | I20: 84317 | J20: =+I20*D20 -> 84317 | K20: =+'16'!L45 -> 68166.769
A21: 17 | B21: Reparación de puertas de vidrio templado. (Incluye suministro de soportes, chapas, topes y accesorios). | C21: UN | D21: 1 | E21: 344234.95 | F21: =+E21*D21 -> 344234.95 | G21: 374822 | H21: =+G21*D21 -> 374822 | I21: 384822 | J21: =+I21*D21 -> 384822 | K21: =+'17'!L45 -> 367959.65
A22: 18 | B22: Instalación de paredes en drywall (estructura liviana, muro doble). (Con suministro de perfilería, láminas y tornillería). | C22: M2 | D22: 1 | E22: 152145.95 | F22: =+E22*D22 -> 152145.95 | G22: 160835.5 | H22: =+G22*D22 -> 160835.5 | I22: 160835.5 | J22: =+I22*D22 -> 160835.5 | K22: =+'18'!L50 -> 157938.98
A23: 19 | B23: Instalación de estructura en Super Board. (Incluye suministro de paneles y estructura). | C23: M2 | D23: 1 | E23: 150726.65 | F23: =+E23*D23 -> 150726.65 | G23: 177546.4 | H23: =+G23*D23 -> 177546.4 | I23: 196133 | J23: =+I23*D23 -> 196133 | K23: =+'19'!L50 -> 174802.02
A24: 20 | B24: Instalación de cielo raso en drywall. (Con suministro de materiales completos para instalación). | C24: M2 | D24: 1 | E24: 127147.45 | F24: =+E24*D24 -> 127147.45 | G24: 137333 | H24: =+G24*D24 -> 137333 | I24: 155333 | J24: =+I24*D24 -> 155333 | K24: =+'20'!L50 -> 139937.82
A25: 21 | B25: Instalación de alistado para piso. (Incluye materiales de nivelación y fijación). | C25: M2 | D25: 1 | E25: 42268.225 | F25: =+E25*D25 -> 42268.225 | G25: 49438 | H25: =+G25*D25 -> 49438 | I25: 49438 | J25: =+I25*D25 -> 49438 | K25: =+'21'!L50 -> 47048.075
A26: 22 | B26: Instalación de enchape. (Con suministro de cerámica, adhesivos y boquillas). | C26: M2 | D26: 1 | E26: 72475.507 | F26: =+E26*D26 -> 72475.507 | G26: 89530.88 | H26: =+G26*D26 -> 89530.88 | I26: 93730.88 | J26: =+I26*D26 -> 93730.88 | K26: =+'22'!L50 -> 85245.756
A27: 24 | B27: Instalación de vidrios templados. (Incluye suministro de vidrios, herrajes y fijaciones). | C27: M2 | D27: 1 | E27: 122893.51 | F27: =+E27*D27 -> 122893.51 | G27: 145122.43 | H27: =+G27*D27 -> 145122.43 | I27: 145122.43 | J27: =+I27*D27 -> 145122.43 | K27: =+'23'!L45 -> 137712.79
A28: 25 | B28: Instalación de divisiones en aluminio estructural. (Con suministro completo de perfiles, paneles y herrajes). | C28: M2 | D28: 1 | E28: 375071.4 | F28: =+E28*D28 -> 375071.4 | G28: 920000 | H28: =+G28*D28 -> 920000 | I28: 920000 | J28: =+I28*D28 -> 920000 | K28: =+'24'!L45 -> 738357.13
A29: 26 | B29: Aseo general y limpieza de superficies | C29: M2 | D29: 1 | E29: 6517.8506 | F29: =+E29*D29 -> 6517.8506 | G29: 4778 | H29: =+G29*D29 -> 4778 | I29: 6379.9067 | J29: =+I29*D29 -> 6379.9067 | K29: =+'25'!L45 -> 5891.9191
A30: SUBTOTAL | F30: =SUM(F5:F29) -> 4907209.9 | H30: =SUM(H5:H29) -> 6076724.2 | J30: =SUM(J5:J29) -> 6702783.5 | K30: =SUM(K5:K29) -> 5895572.5
A31: ADMINISTRACION 24% | F31: =+F30*0.24 -> 1177730.4 | H31: =+H30*0.24 -> 1458413.8 | J31: =+J30*0.24 -> 1608668 | K31: =+K30*0.24 -> 1414937.4
A32: IMPREVISTOS 1% | F32: =+F30*1% -> 49072.099 | H32: =+H30*1% -> 60767.242 | J32: =+J30*1% -> 67027.835 | K32: =+K30*1% -> 58955.725
A33: UTILIDAD 5% | F33: =+F30*5% -> 245360.49 | H33: =+H30*5% -> 303836.21 | J33: =+J30*5% -> 335139.18 | K33: =+K30*5% -> 294778.63
A34: TOTAL | F34: =SUM(F30:F33) -> 6379372.9 | H34: =SUM(H30:H33) -> 7899741.5 | J34: =SUM(J30:J33) -> 8713618.6 | K34: =SUM(K30:K33) -> 7664244.3
B36: TOTAL COTIZACION PROMEDIO | F36: =+K34 -> 7664244.3

Sheet 1.
F1: APU - ANALISIS DE PRECIOS UNITARIOS
F5: ENTIDAD | G5: GOBERNACION DEL TOLIMA | K5: CIUDAD | L5: IBAGUE
B6: DATOS ESPECÍFICOS
B8: ÍTEM | C8: CAPITULO | E8: DESCRIPCIÓN | L8: UNIDAD
B9: 1 | C9: 1 | E9: =VLOOKUP(B9,'[54]PRESUPUESTO GENERAL '!A9:J34,2,FALSE) -> Mantenimiento del tablero de control BARI Booster. (Incluye revisión, cambio de contactores, modificación de conexiones, corrección de circuitos, verificación de tensión. Con suministro de materiales según necesidad). | L9: =VLOOKUP(B9,'[54]PRESUPUESTO GENERAL '!A10:G34,7,FALSE) -> UND
B11: I. EQUIPO
B12: CÓDIGO | C12: DESCRIPCIÓN | I12: TIPO | J12: TARIFA/HORA | K12: RENDIMIENTO | L12: Vr. UNITARIO
B13: EQ12 | C13: HERRAMIENTA MENOR - ELECTRICA | I13: H | J13: 5200 | K13: 0.125 | L13: =+K13*J13 -> 650
C14: HERRAMIENTA MENOR | I14: % | K14: 0.5 | L14: =+K14*L43 -> 178304.44
C15: IMPLEMENTOS DE SEGURIDAD INDUSTRIAL | I15: H | J15: 6000 | K15: 0.5 | L15: =+K15*J15 -> 3000
J16: SUBTOTAL $ | L16: =SUM(L13:L15) -> 181954.44
B18: II. MATERIALES
B20: CÓDIGO | C20: DESCRIPCIÓN | I20: UNIDAD | J20: CANTIDAD | K20: PRECIO UNIT. | L20: Vr. UNITARIO
L21: =J21*K21 -> 0
L22: =+K22*J22 -> 0
L23: =J23*K23 -> 0
J25: SUBTOTAL $ | L25: =SUM(L21:L24) -> 0
B27: III. TRANSPORTES
B29: CÓDIGO | C29: DESCRIPCIÓN | G29: UNIDAD | H29: CANTIDAD (1) | I29: DISTANCIA (2) | J29: (1) * (2) | K29: TARIFA | L29: Vr. UNITARIO
J33: SUBTOTAL $ | L33: =SUM(L30:L32) -> 0
B35: IV. MANO DE OBRA
B37: CÓDIGO | C37: DESCRIPCIÓN | H37: JORNAL | I37: PRESTACIONES (%) | J37: JR. TOTAL | K37: RENDIMIENTO | L37: Vr. UNITARIO
B38: MO5 | C38: Tecnico electricista | H38: =+J38/I38*100 -> 75920 | I38: 185 | J38: 140452 | K38: 1.601509 | L38: =+K38*J38 -> 224935.14
C39: Ayudante | H39: =+J39/I39*100 -> 47450 | I39: 185 | J39: 87782.5 | K39: 1.5 | L39: =+K39*J39 -> 131673.75
J43: SUBTOTAL $ | L43: =SUM(L38:L42) -> 356608.89
I45: TOTAL COSTO DIRECTO $ | L45: =L16+L25+L33+L43 -> 538563.33

Sheet 2
F1: APU - ANALISIS DE PRECIOS UNITARIOS
F5: ENTIDAD | G5: GOBERNACION DEL TOLIMA | K5: CIUDAD | L5: IBAGUE
B6: DATOS ESPECÍFICOS
B8: ÍTEM | C8: CAPITULO | E8: DESCRIPCIÓN | L8: UNIDAD
B9: 2 | C9: 1 | E9: =VLOOKUP(B9,'[54]PRESUPUESTO GENERAL '!A9:J34,2,FALSE) -> Mantenimiento e instalación de circuitos eléctricos en tableros de distribución por piso. (Con suministro e instalación de cableado y accesorios eléctricos necesarios). | L9: =VLOOKUP(B9,'[54]PRESUPUESTO GENERAL '!A10:G34,7,FALSE) -> UN
B11: I. EQUIPO
B12: CÓDIGO | C12: DESCRIPCIÓN | I12: TIPO | J12: TARIFA/HORA | K12: RENDIMIENTO | L12: Vr. UNITARIO
B13: EQ12 | C13: HERRAMIENTA MENOR - ELECTRICA | I13: H | J13: 5200 | K13: 0.125 | L13: =+K13*J13 -> 650
C14: IMPLEMENTOS DE SEGURIDAD INDUSTRIAL | I14: H | J14: 6000 | K14: 0.5 | L14: =+K14*J14 -> 3000
J15: SUBTOTAL $ | L15: =SUM(L13:L14) -> 3650
B17: II. MATERIALES
B19: CÓDIGO | C19: DESCRIPCIÓN | I19: UNIDAD | J19: CANTIDAD | K19: PRECIO UNIT. | L19: Vr. UNITARIO
C20: Cable N#10 | I20: M | J20: 8 | K20: 12678 | L20: =J20*K20 -> 101424
C21: BRAKER 20AMP MONOPOLAR | I21: UND | J21: 1 | K21: 46000 | L21: =+K21*J21 -> 46000
L22: =J22*K22 -> 0
J24: SUBTOTAL $ | L24: =SUM(L20:L23) -> 147424
B26: III. TRANSPORTES
B28: CÓDIGO | C28: DESCRIPCIÓN | G28: UNIDAD | H28: CANTIDAD (1) | I28: DISTANCIA (2) | J28: (1) * (2) | K28: TARIFA | L28: Vr. UNITARIO
J32: SUBTOTAL $ | L32: =SUM(L29:L31) -> 0
B34: IV. MANO DE OBRA
B36: CÓDIGO | C36: DESCRIPCIÓN | H36: JORNAL | I36: PRESTACIONES (%) | J36: JR. TOTAL | K36: RENDIMIENTO | L36: Vr. UNITARIO
B37: MO5 | C37: Tecnico electricista | H37: =+J37/I37*100 -> 75920 | I37: 185 | J37: 140452 | K37: 0.18881504 | L37: =+K37*J37 -> 26519.45
C38: Ayudante | H38: =+J38/I38*100 -> 47450 | I38: 185 | J38: 87782.5 | K38: 0.09 | L38: =+K38*J38 -> 7900.425
J41: SUBTOTAL $ | L41: =SUM(L37:L40) -> 34419.875
I43: TOTAL COSTO DIRECTO $ | L43: =L15+L24+L32+L41 -> 185493.88

Sheet 3
F1: APU - ANALISIS DE PRECIOS UNITARIOS
F5: ENTIDAD | G5: GOBERNACION DEL TOLIMA | K5: CIUDAD | L5: IBAGUE
B6: DATOS ESPECÍFICOS
B8: ÍTEM | C8: CAPITULO | E8: DESCRIPCIÓN | L8: UNIDAD
B9: 3 | C9: 1 | E9: =VLOOKUP(B9,'[54]PRESUPUESTO GENERAL '!A9:J34,2,FALSE) -> Reemplazo de interruptores eléctricos. (Incluye suministro e instalación). | L9: =VLOOKUP(B9,'[54]PRESUPUESTO GENERAL '!A10:G34,7,FALSE) -> UND
B11: I. EQUIPO
B12: CÓDIGO | C12: DESCRIPCIÓN | I12: TIPO | J12: TARIFA/HORA | K12: RENDIMIENTO | L12: Vr. UNITARIO
B13: EQ12 | C13: HERRAMIENTA MENOR - ELECTRICA | I13: H | J13: 5200 | K13: 0.125 | L13: =+K13*J13 -> 650
L14: =+K14*J14 -> 0
J15: SUBTOTAL $ | L15: =SUM(L13:L14) -> 650
B17: II. MATERIALES
B19: CÓDIGO | C19: DESCRIPCIÓN | I19: UNIDAD | J19: CANTIDAD | K19: PRECIO UNIT. | L19: Vr. UNITARIO
C20: Tuberia conduit 1/2" (Incluye accesorios) | I20: ml | J20: 1 | K20: 4256 | L20: =+K20*J20 -> 4256
C21: Cable de Cobre Aislado THHN No. 12 | I21: ml | J21: 2 | K21: 3584 | L21: =+K21*J21 -> 7168
C22: Soldadura de PVC | I22: onz | J22: 0.4 | K22: 3472 | L22: =+K22*J22 -> 1388.8
C23: Limpiador removedor PVC | I23: onz | J23: 0.2 | K23: 5488 | L23: =+K23*J23 -> 1097.6
C24: Curva 90 conduit 1/2" | I24: und | J24: 1 | K24: 4144 | L24: =+K24*J24 -> 4144
C25: Caja 2x4 pvc (inc accesorios) | I25: und | J25: 1 | K25: 4368 | L25: =+K25*J25 -> 4368
C26: Interruptor Doble | I26: und | J26: 1 | K26: 26880 | L26: =+K26*J26 -> 26880
L27: =J27*K27 -> 0
J29: SUBTOTAL $ | L29: =SUM(L20:L28) -> 49302.4
B31: III. TRANSPORTES
B33: CÓDIGO | C33: DESCRIPCIÓN | G33: UNIDAD | H33: CANTIDAD (1) | I33: DISTANCIA (2) | J33: (1) * (2) | K33: TARIFA | L33: Vr. UNITARIO
J37: SUBTOTAL $ | L37: =SUM(L34:L36) -> 0
B39: IV. MANO DE OBRA
B41: CÓDIGO | C41: DESCRIPCIÓN | H41: JORNAL | I41: PRESTACIONES (%) | J41: JR. TOTAL | K41: RENDIMIENTO | L41: Vr. UNITARIO
C42: Ayudante | H42: =+J42/I42*100 -> 47450 | I42: 185 | J42: 87782.5 | K42: 0.34242854 | L42: =+K42*J42 -> 30059.233
J45: SUBTOTAL $ | L45: =SUM(L42:L44) -> 30059.233
I47: TOTAL COSTO DIRECTO $ | L47: =L15+L29+L37+L45 -> 80011.633

Sheet 4
F1: APU - ANALISIS DE PRECIOS UNITARIOS
F5: ENTIDAD | G5: GOBERNACION DEL TOLIMA | K5: CIUDAD | L5: IBAGUE
B6: DATOS ESPECÍFICOS
B8: ÍTEM | C8: CAPITULO | E8: DESCRIPCIÓN | L8: UNIDAD
B9: 4 | C9: 1 | E9: =VLOOKUP(B9,'[54]PRESUPUESTO GENERAL '!A9:J34,2,FALSE) -> Revisión y cambio de tomacorrientes. (Con suministro de nuevos tomacorrientes cuando se requiera). | L9: =VLOOKUP(B9,'[54]PRESUPUESTO GENERAL '!A10:G34,7,FALSE) -> UND
B11: I. EQUIPO
B12: CÓDIGO | C12: DESCRIPCIÓN | I12: TIPO | J12: TARIFA/HORA | K12: RENDIMIENTO | L12: Vr. UNITARIO
B13: EQ12 | C13: HERRAMIENTA MENOR - ELECTRICA | I13: H | J13: 5200 | K13: 0.125 | L13: =+K13*J13 -> 650
C14: IMPLEMENTOS DE SEGURIDAD INDUSTRIAL | I14: H | J14: 6000 | K14: 0.5 | L14: =+K14*J14 -> 3000
J15: SUBTOTAL $ | L15: =SUM(L13:L14) -> 3650
B17: II. MATERIALES
B19: CÓDIGO | C19: DESCRIPCIÓN | I19: UNIDAD | J19: CANTIDAD | K19: PRECIO UNIT. | L19: Vr. UNITARIO
C20: Tuberia conduit 1/2" (Incluye accesorios) | I20: ml | J20: 1 | K20: =3800*1.12 -> 4256 | L20: =+K20*J20 -> 4256
C21: Cable de Cobre Aislado THHN No. 12 | I21: ml | J21: 3 | K21: =3200*1.12 -> 3584 | L21: =+K21*J21 -> 10752
C22: Soldadura de PVC | I22: onz | J22: 0.4 | K22: =3100*1.12 -> 3472 | L22: =+K22*J22 -> 1388.8
C23: Limpiador removedor PVC | I23: onz | J23: 0.2 | K23: =4900*1.12 -> 5488 | L23: =+K23*J23 -> 1097.6
C24: Curva 90 conduit 1/2" | I24: und | J24: 1 | K24: =3700*1.12 -> 4144 | L24: =+K24*J24 -> 4144
C25: Caja 2x4 pvc (inc accesorios) | I25: und | J25: 1 | K25: =3900*1.12 -> 4368 | L25: =+K25*J25 -> 4368
C26: Toma Doble P/T | I26: und | J26: 1 | K26: 85623 | L26: =+K26*J26 -> 85623
J28: SUBTOTAL $ | L28: =SUM(L20:L27) -> 111629.4
B30: III. TRANSPORTES
B32: CÓDIGO | C32: DESCRIPCIÓN | G32: UNIDAD | H32: CANTIDAD (1) | I32: DISTANCIA (2) | J32: (1) * (2) | K32: TARIFA | L32: Vr. UNITARIO
J36: SUBTOTAL $ | L36: =SUM(L33:L35) -> 0
B38: IV. MANO DE OBRA
B40: CÓDIGO | C40: DESCRIPCIÓN | H40: JORNAL | I40: PRESTACIONES (%) | J40: JR. TOTAL | K40: RENDIMIENTO | L40: Vr. UNITARIO
C41: Tecnico electricista | H41: =+J41/I41*100 -> 75920 | I41: 185 | J41: 140452 | K41: 0.042594742 | L41: =+K41*J41 -> 5982.5167
C42: Ayudante | H42: =+J42/I42*100 -> 47450 | I42: 185 | J42: 87782.5 | K42: 0.09 | L42: =+K42*J42 -> 7900.425
J44: SUBTOTAL $ | L44: =SUM(L41:L43) -> 13882.942
I46: TOTAL COSTO DIRECTO $ | L46: =L15+L28+L36+L44 -> 129162.34

Sheet 5
F1: APU - ANALISIS DE PRECIOS UNITARIOS
F5: ENTIDAD | G5: GOBERNACION DEL TOLIMA | K5: CIUDAD | L5: IBAGUE
B6: DATOS ESPECÍFICOS
B8: ÍTEM | C8: CAPITULO | E8: DESCRIPCIÓN | L8: UNIDAD
B9: 5 | C9: 1 | E9: =VLOOKUP(B9,'[54]PRESUPUESTO GENERAL '!A9:J34,2,FALSE) -> Revisión, diagnóstico y/o reemplazo de sensores de movimiento. (Incluye suministro si se requiere reemplazo). | L9: =VLOOKUP(B9,'[54]PRESUPUESTO GENERAL '!A10:G34,7,FALSE) -> UND
B11: I. EQUIPO
B12: CÓDIGO | C12: DESCRIPCIÓN | I12: TIPO | J12: TARIFA/HORA | K12: RENDIMIENTO | L12: Vr. UNITARIO
B13: EQ12 | C13: HERRAMIENTA MENOR - ELECTRICA | I13: H | J13: 5200 | K13: 0.125 | L13: =+K13*J13 -> 650
L14: =+K14*J14 -> 0
J15: SUBTOTAL $ | L15: =SUM(L13:L14) -> 650
B17: II. MATERIALES
B19: CÓDIGO | C19: DESCRIPCIÓN | I19: UNIDAD | J19: CANTIDAD | K19: PRECIO UNIT. | L19: Vr. UNITARIO
C20: Sensores de Movimiento | I20: UND | J20: 1 | K20: 125000 | L20: =J20*K20 -> 125000
C21: Cable N12 | I21: M | J21: 1.5 | K21: 13240 | L21: =+K21*J21 -> 19860
C22: TUBO CONDUIT METALICO EMT 1/2 *3MTS | I22: M | J22: 1 | K22: =47168/3 -> 15722.667 | L22: =J22*K22 -> 15722.667
J24: SUBTOTAL $ | L24: =SUM(L20:L23) -> 160582.67
B26: III. TRANSPORTES
B28: CÓDIGO | C28: DESCRIPCIÓN | G28: UNIDAD | H28: CANTIDAD (1) | I28: DISTANCIA (2) | J28: (1) * (2) | K28: TARIFA | L28: Vr. UNITARIO
J32: SUBTOTAL $ | L32: =SUM(L29:L31) -> 0
B34: IV. MANO DE OBRA
B36: CÓDIGO | C36: DESCRIPCIÓN | H36: JORNAL | I36: PRESTACIONES (%) | J36: JR. TOTAL | K36: RENDIMIENTO | L36: Vr. UNITARIO
C37: Tecnico electricista | H37: =+J37/I37*100 -> 75920 | I37: 185 | J37: 140452 | K37: 0.092702766 | L37: =+K37*J37 -> 13020.289
C38: Ayudante | H38: =+J38/I38*100 -> 47450 | I38: 185 | J38: 87782.5 | K38: 0.2 | L38: =+K38*J38 -> 17556.5
J40: SUBTOTAL $ | L40: =SUM(L37:L39) -> 30576.789
I42: TOTAL COSTO DIRECTO $ | L42: =L15+L24+L32+L40 -> 191809.46

Sheet 6
F1: APU - ANALISIS DE PRECIOS UNITARIOS
F5: ENTIDAD | G5: GOBERNACION DEL TOLIMA | K5: CIUDAD | L5: IBAGUE
B6: DATOS ESPECÍFICOS
B8: ÍTEM | C8: CAPITULO | E8: DESCRIPCIÓN | L8: UNIDAD
B9: 6 | C9: 1 | E9: =VLOOKUP(B9,'[54]PRESUPUESTO GENERAL '!A9:J34,2,FALSE) -> Desmonte, reparación y/o cambio de luminarias.(Con suministro de luminarias y repuestos cuando aplique). | L9: =VLOOKUP(B9,'[54]PRESUPUESTO GENERAL '!A10:G34,7,FALSE) -> UND
B11: I. EQUIPO
B12: CÓDIGO | C12: DESCRIPCIÓN | I12: TIPO | J12: TARIFA/HORA | K12: RENDIMIENTO | L12: Vr. UNITARIO
B13: EQ12 | C13: HERRAMIENTA MENOR - ELECTRICA | I13: H | J13: 5200 | K13: 0.125 | L13: =+K13*J13 -> 650
C14: IMPLEMENTOS DE SEGURIDAD INDUSTRIAL | I14: H | J14: 6000 | K14: 0.5 | L14: =+K14*J14 -> 3000
J15: SUBTOTAL $ | L15: =SUM(L13:L14) -> 3650
B17: II. MATERIALES
B19: CÓDIGO | C19: DESCRIPCIÓN | I19: UNIDAD | J19: CANTIDAD | K19: PRECIO UNIT. | L19: Vr. UNITARIO
C20: Tuberia conduit 1/2" (Incluye accesorios) | I20: ml | J20: 4 | K20: =3800*1.12 -> 4256 | L20: =J20*K20 -> 17024
C21: Cable de Cobre Aislado THHN No. 12 | I21: ml | J21: 4 | K21: =3200*1.12 -> 3584 | L21: =+K21*J21 -> 14336
C22: Soldadura de PVC | I22: onz | J22: 0.4 | K22: =3100*1.12 -> 3472 | L22: =+K22*J22 -> 1388.8
C23: Limpiador removedor PVC | I23: onz | J23: 0.2 | K23: =4900*1.12 -> 5488 | L23: =+K23*J23 -> 1097.6
C24: Curva 90 conduit 1/2" | I24: und | J24: 1 | K24: =3700*1.12 -> 4144 | L24: =+K24*J24 -> 4144
C25: Caja 2x4 PVC (inc accesorios) | I25: und | J25: 1 | K25: =3900*1.12 -> 4368 | L25: =+K25*J25 -> 4368
C26: Panel Led | I26: und | J26: 1 | K26: 117000 | L26: =J26*K26 -> 117000
J28: SUBTOTAL $ | L28: =SUM(L20:L27) -> 159358.4
B30: III. TRANSPORTES
B32: CÓDIGO | C32: DESCRIPCIÓN | G32: UNIDAD | H32: CANTIDAD (1) | I32: DISTANCIA (2) | J32: (1) * (2) | K32: TARIFA | L32: Vr. UNITARIO
J36: SUBTOTAL $ | L36: =SUM(L33:L35) -> 0
B38: IV. MANO DE OBRA
B40: CÓDIGO | C40: DESCRIPCIÓN | H40: JORNAL | I40: PRESTACIONES (%) | J40: JR. TOTAL | K40: RENDIMIENTO | L40: Vr. UNITARIO
C41: Tecnico electricista | H41: =+J41/I41*100 -> 75920 | I41: 185 | J41: 140452 | K41: 0.055794981 | L41: =+K41*J41 -> 7836.5167
C42: Ayudante | H42: =+J42/I42*100 -> 47450 | I42: 185 | J42: 87782.5 | K42: 0.09 | L42: =+K42*J42 -> 7900.425
J44: SUBTOTAL $ | L44: =SUM(L41:L43) -> 15736.942
I46: TOTAL COSTO DIRECTO $ | L46: =L15+L28+L36+L44 -> 178745.34
E52: Firma

Sheet 7
F1: APU - ANALISIS DE PRECIOS UNITARIOS
F5: ENTIDAD | G5: GOBERNACION DEL TOLIMA | K5: CIUDAD | L5: IBAGUE
B6: DATOS ESPECÍFICOS
B8: ÍTEM | C8: CAPITULO | E8: DESCRIPCIÓN | L8: UNIDAD
B9: 7 | C9: 1 | E9: =VLOOKUP(B9,'[54]PRESUPUESTO GENERAL '!A9:J34,2,FALSE) -> Revisión y mantenimiento de tableros eléctricos en todos los niveles de la Gobernación del Tolima. | L9: =VLOOKUP(B9,'[54]PRESUPUESTO GENERAL '!A10:G34,7,FALSE) -> UND
B11: I. EQUIPO
B12: CÓDIGO | C12: DESCRIPCIÓN | I12: TIPO | J12: TARIFA/HORA | K12: RENDIMIENTO | L12: Vr. UNITARIO
B13: EQ12 | C13: HERRAMIENTA MENOR - ELECTRICA | I13: H | J13: 5200 | K13: 0.125 | L13: =+K13*J13 -> 650
L14: =+K14*J14 -> 0
J15: SUBTOTAL $ | L15: =SUM(L13:L14) -> 650
B17: II. MATERIALES
B19: CÓDIGO | C19: DESCRIPCIÓN | I19: UNIDAD | J19: CANTIDAD | K19: PRECIO UNIT. | L19: Vr. UNITARIO
L20: =J20*K20 -> 0
L21: =+K21*J21 -> 0
L22: =J22*K22 -> 0
J24: SUBTOTAL $ | L24: =SUM(L20:L23) -> 0
B26: III. TRANSPORTES
B28: CÓDIGO | C28: DESCRIPCIÓN | G28: UNIDAD | H28: CANTIDAD (1) | I28: DISTANCIA (2) | J28: (1) * (2) | K28: TARIFA | L28: Vr. UNITARIO
J32: SUBTOTAL $ | L32: =SUM(L29:L31) -> 0
B34: IV. MANO DE OBRA
B36: CÓDIGO | C36: DESCRIPCIÓN | H36: JORNAL | I36: PRESTACIONES (%) | J36: JR. TOTAL | K36: RENDIMIENTO | L36: Vr. UNITARIO
C37: Tecnico electricista | H37: =+J37/I37*100 -> 75920 | I37: 185 | J37: 140452 | K37: 0.87499858 | L37: =+K37*J37 -> 122895.3
C38: Ayudante | H38: =+J38/I38*100 -> 47450 | I38: 185 | J38: 87782.5 | K38: 0.5 | L38: =+K38*J38 -> 43891.25
J40: SUBTOTAL $ | L40: =SUM(L37:L39) -> 166786.55
I42: TOTAL COSTO DIRECTO $ | L42: =L15+L24+L32+L40 -> 167436.55
E48: Firma

Sheet 8
F1: APU - ANALISIS DE PRECIOS UNITARIOS
F5: ENTIDAD | G5: GOBERNACION DEL TOLIMA | K5: CIUDAD | L5: IBAGUE
B6: DATOS ESPECÍFICOS
B8: ÍTEM | C8: CAPITULO | E8: DESCRIPCIÓN | L8: UNIDAD
B9: 8 | C9: 1 | E9: =VLOOKUP(B9,'[54]PRESUPUESTO GENERAL '!A9:J34,2,FALSE) -> Mantenimiento de muros internos (resane y pintura). (Incluye suministro de masilla, pintura y herramientas menores). | L9: =VLOOKUP(B9,'[54]PRESUPUESTO GENERAL '!A10:G34,7,FALSE) -> M2
B11: I. EQUIPO
B12: CÓDIGO | C12: DESCRIPCIÓN | I12: TIPO | J12: TARIFA/HORA | K12: RENDIMIENTO | L12: Vr. UNITARIO
B13: EQ12 | C13: HERRAMIENTA MENOR | I13: % | K13: 0.15 | L13: =+K13*L40 -> 4688.2087
C14: ANDAMIOS Y TABLONES | I14: HC | J14: 6832 | K14: 0.1 | L14: =+K14*J14 -> 683.2
J15: SUBTOTAL $ | L15: =SUM(L13:L14) -> 5371.4087
B17: II. MATERIALES
B19: CÓDIGO | C19: DESCRIPCIÓN | I19: UNIDAD | J19: CANTIDAD | K19: PRECIO UNIT. | L19: Vr. UNITARIO
C20: CUÑETE DE PINTURA TIPO 1 BLANCA LAVABLE | I20: GAL | J20: 0.08 | K20: 71000 | L20: =J20*K20 -> 5680
C21: Yeso sika mastic o similar | I21: KG | J21: 0.05 | K21: =56720/10 -> 5672 | L21: =+K21*J21 -> 283.6
L22: =J22*K22 -> 0
J24: SUBTOTAL $ | L24: =SUM(L20:L23) -> 5963.6
B26: III. TRANSPORTES
B28: CÓDIGO | C28: DESCRIPCIÓN | G28: UNIDAD | H28: CANTIDAD (1) | I28: DISTANCIA (2) | J28: (1) * (2) | K28: TARIFA | L28: Vr. UNITARIO
J32: SUBTOTAL $ | L32: =SUM(L29:L31) -> 0
B34: IV. MANO DE OBRA
B36: CÓDIGO | C36: DESCRIPCIÓN | H36: JORNAL | I36: PRESTACIONES (%) | J36: JR. TOTAL | K36: RENDIMIENTO | L36: Vr. UNITARIO
C37: Cuadrilla de Un Oficial y (2) Obreros. | H37: =+J37/I37*100 -> 175565 | I37: 185 | J37: 324795.25 | K37: 0.096229007 | L37: =+K37*J37 -> 31254.725
L38: =+K38*J38 -> 0
J40: SUBTOTAL $ | L40: =SUM(L37:L39) -> 31254.725
I42: TOTAL COSTO DIRECTO $ | L42: =L15+L24+L32+L40 -> 42589.733
E48: Firma

Sheet 9
F1: APU - ANALISIS DE PRECIOS UNITARIOS
F5: ENTIDAD | G5: GOBERNACION DEL TOLIMA | K5: CIUDAD | L5: IBAGUE
B6: DATOS ESPECÍFICOS
B8: ÍTEM | C8: CAPITULO | E8: DESCRIPCIÓN | L8: UNIDAD
B9: 9 | C9: 1 | E9: =VLOOKUP(B9,'[54]PRESUPUESTO GENERAL '!A9:J34,2,FALSE) -> Corrección y tratamiento de humedades. (Con suministro de impermeabilizantes y materiales de reparación). | L9: =VLOOKUP(B9,'[54]PRESUPUESTO GENERAL '!A10:G34,7,FALSE) -> M2
B11: I. EQUIPO
B12: CÓDIGO | C12: DESCRIPCIÓN | I12: TIPO | J12: TARIFA/HORA | K12: RENDIMIENTO | L12: Vr. UNITARIO
B13: EQ12 | C13: HERRAMIENTA MENOR | I13: % | K13: 0.15 | L13: =+K13*L40 -> 9164.6549
L14: =+K14*J14 -> 0
J15: SUBTOTAL $ | L15: =SUM(L13:L14) -> 9164.6549
B17: II. MATERIALES
B19: CÓDIGO | C19: DESCRIPCIÓN | I19: UNIDAD | J19: CANTIDAD | K19: PRECIO UNIT. | L19: Vr. UNITARIO
C20: PINTURA PARA IMPERMEABILIZAR 12 AÑOS X 20 CUÑETE | I20: KG | J20: 5 | K20: 23000 | L20: =J20*K20 -> 115000
C21: Yeso sika mastic o similar | I21: KG | J21: 0.05 | K21: =56720/10 -> 5672 | L21: =+K21*J21 -> 283.6
L22: =J22*K22 -> 0
J24: SUBTOTAL $ | L24: =SUM(L20:L23) -> 115283.6
B26: III. TRANSPORTES
B28: CÓDIGO | C28: DESCRIPCIÓN | G28: UNIDAD | H28: CANTIDAD (1) | I28: DISTANCIA (2) | J28: (1) * (2) | K28: TARIFA | L28: Vr. UNITARIO
J32: SUBTOTAL $ | L32: =SUM(L29:L31) -> 0
B34: IV. MANO DE OBRA
B36: CÓDIGO | C36: DESCRIPCIÓN | H36: JORNAL | I36: PRESTACIONES (%) | J36: JR. TOTAL | K36: RENDIMIENTO | L36: Vr. UNITARIO
C37: Cuadrilla de Un Oficial y (2) Obreros. | H37: =+J37/I37*100 -> 175565 | I37: 185 | J37: 324795.25 | K37: 0.18811143 | L37: =+K37*J37 -> 61097.699
L38: =+K38*J38 -> 0
J40: SUBTOTAL $ | L40: =SUM(L37:L39) -> 61097.699
I42: TOTAL COSTO DIRECTO $ | L42: =L15+L24+L32+L40 -> 185545.95
E48: Firma

Sheet 10
F1: APU - ANALISIS DE PRECIOS UNITARIOS
F5: ENTIDAD | G5: GOBERNACION DEL TOLIMA | K5: CIUDAD | L5: IBAGUE
B6: DATOS ESPECÍFICOS
B8: ÍTEM | C8: CAPITULO | E8: DESCRIPCIÓN | L8: UNIDAD
B9: 10 | C9: 1 | E9: =VLOOKUP(B9,'[54]PRESUPUESTO GENERAL '!A9:J34,2,FALSE) -> Mantenimiento de bajantes, canales y sifones. (Incluye suministro de repuestos y sellantes según el diagnóstico). | L9: =VLOOKUP(B9,'[54]PRESUPUESTO GENERAL '!A10:G34,7,FALSE) -> UN
B11: I. EQUIPO
B12: CÓDIGO | C12: DESCRIPCIÓN | I12: TIPO | J12: TARIFA/HORA | K12: RENDIMIENTO | L12: Vr. UNITARIO
B13: EQ12 | C13: HERRAMIENTA MENOR | I13: % | K13: 0.15 | L13: =+K13*L43 -> 5683.9169
C14: Hidrolavadora | I14: DIA | J14: 53000 | K14: 0.1 | L14: =+K14*J14 -> 5300
C15: Manguera de alta presión para limpieza de tubos | I15: DIA | J15: 48900 | K15: 0.15 | L15: =+K15*J15 -> 7335
L17: =+K17*J17 -> 0
J18: SUBTOTAL $ | L18: =SUM(L13:L17) -> 18318.917
B20: II. MATERIALES
B22: CÓDIGO | C22: DESCRIPCIÓN | I22: UNIDAD | J22: CANTIDAD | K22: PRECIO UNIT. | L22: Vr. UNITARIO
L23: =J23*K23 -> 0
L24: =+K24*J24 -> 0
L25: =J25*K25 -> 0
J27: SUBTOTAL $ | L27: =SUM(L23:L26) -> 0
B29: III. TRANSPORTES
B31: CÓDIGO | C31: DESCRIPCIÓN | G31: UNIDAD | H31: CANTIDAD (1) | I31: DISTANCIA (2) | J31: (1) * (2) | K31: TARIFA | L31: Vr. UNITARIO
J35: SUBTOTAL $ | L35: =SUM(L32:L34) -> 0
B37: IV. MANO DE OBRA
B39: CÓDIGO | C39: DESCRIPCIÓN | H39: JORNAL | I39: PRESTACIONES (%) | J39: JR. TOTAL | K39: RENDIMIENTO | L39: Vr. UNITARIO
C40: Cuadrilla de Un Oficial y (2) Obreros. | H40: =+J40/I40*100 -> 175565 | I40: 185 | J40: 324795.25 | K40: 0.11666667 | L40: =+K40*J40 -> 37892.779
L41: =+K41*J41 -> 0
J43: SUBTOTAL $ | L43: =SUM(L40:L42) -> 37892.779
I45: TOTAL COSTO DIRECTO $ | L45: =L18+L27+L35+L43 -> 56211.696
E51: Firma

Sheet 11
F1: APU - ANALISIS DE PRECIOS UNITARIOS
F5: ENTIDAD | G5: GOBERNACION DEL TOLIMA | K5: CIUDAD | L5: IBAGUE
B6: DATOS ESPECÍFICOS
B8: ÍTEM | C8: CAPITULO | E8: DESCRIPCIÓN | L8: UNIDAD
B9: 11 | C9: 1 | E9: =VLOOKUP(B9,'[54]PRESUPUESTO GENERAL '!A9:J34,2,FALSE) -> Inspección y corrección de goteras en cubierta. (Con suministro de sellantes, impermeabilizantes o tejas si se requiere). | L9: =VLOOKUP(B9,'[54]PRESUPUESTO GENERAL '!A10:G34,7,FALSE) -> UN
B11: I. EQUIPO
B12: CÓDIGO | C12: DESCRIPCIÓN | I12: TIPO | J12: TARIFA/HORA | K12: RENDIMIENTO | L12: Vr. UNITARIO
B13: EQ12 | C13: HERRAMIENTA MENOR | I13: % | K13: 0.15 | L13: =+K13*L40 -> 11126.323
L14: =+K14*J14 -> 0
J15: SUBTOTAL $ | L15: =SUM(L13:L14) -> 11126.323
B17: II. MATERIALES
B19: CÓDIGO | C19: DESCRIPCIÓN | I19: UNIDAD | J19: CANTIDAD | K19: PRECIO UNIT. | L19: Vr. UNITARIO
C20: Sellante Poliuretano | I20: UND | J20: 1 | K20: 26471 | L20: =J20*K20 -> 26471
C21: PINTURA PARA IMPERMEABILIZAR 12 AÑOS X 20 CUÑETE | I21: M2 | J21: 3 | K21: 2340 | L21: =+K21*J21 -> 7020
L22: =J22*K22 -> 0
J24: SUBTOTAL $ | L24: =SUM(L20:L23) -> 33491
B26: III. TRANSPORTES
B28: CÓDIGO | C28: DESCRIPCIÓN | G28: UNIDAD | H28: CANTIDAD (1) | I28: DISTANCIA (2) | J28: (1) * (2) | K28: TARIFA | L28: Vr. UNITARIO
J32: SUBTOTAL $ | L32: =SUM(L29:L31) -> 0
B34: IV. MANO DE OBRA
B36: CÓDIGO | C36: DESCRIPCIÓN | H36: JORNAL | I36: PRESTACIONES (%) | J36: JR. TOTAL | K36: RENDIMIENTO | L36: Vr. UNITARIO
C37: Cuadrilla de un oficial y (4) Obreros. | H37: =+J37/I37*100 -> 270465 | I37: 185 | J37: 500360.25 | K37: 0.14824416 | L37: =+K37*J37 -> 74175.487
L38: =+K38*J38 -> 0
J40: SUBTOTAL $ | L40: =SUM(L37:L39) -> 74175.487
I42: TOTAL COSTO DIRECTO $ | L42: =L15+L24+L32+L40 -> 118792.81
E48: Firma

Sheet 12
F1: APU - ANALISIS DE PRECIOS UNITARIOS
F5: ENTIDAD | G5: GOBERNACION DEL TOLIMA | K5: CIUDAD | L5: IBAGUE
B6: DATOS ESPECÍFICOS
B8: ÍTEM | C8: CAPITULO | E8: DESCRIPCIÓN | L8: UNIDAD
B9: 12 | C9: 1 | E9: =VLOOKUP(B9,'[54]PRESUPUESTO GENERAL '!A9:J34,2,FALSE) -> Aplicación de pintura sobre cielo raso. (Incluye suministro de pintura y elementos de aplicación). | L9: =VLOOKUP(B9,'[54]PRESUPUESTO GENERAL '!A10:G34,7,FALSE) -> M2
B11: I. EQUIPO
B12: CÓDIGO | C12: DESCRIPCIÓN | I12: TIPO | J12: TARIFA/HORA | K12: RENDIMIENTO | L12: Vr. UNITARIO
B13: EQ12 | C13: HERRAMIENTA MENOR | I13: % | K13: 0.15 | L13: =+K13*L40 -> 3328.336
C14: ANDAMIOS Y TABLONES | I14: HC | J14: 6832 | K14: 0.1 | L14: =+K14*J14 -> 683.2
J15: SUBTOTAL $ | L15: =SUM(L13:L14) -> 4011.536
B17: II. MATERIALES
B19: CÓDIGO | C19: DESCRIPCIÓN | I19: UNIDAD | J19: CANTIDAD | K19: PRECIO UNIT. | L19: Vr. UNITARIO
C20: CUÑETE DE PINTURA TIPO 1 BLANCA LAVABLE | I20: GAL | J20: 0.08 | K20: 71000 | L20: =J20*K20 -> 5680
L21: =+K21*J21 -> 0
L22: =J22*K22 -> 0
J24: SUBTOTAL $ | L24: =SUM(L20:L23) -> 5680
B26: III. TRANSPORTES
B28: CÓDIGO | C28: DESCRIPCIÓN | G28: UNIDAD | H28: CANTIDAD (1) | I28: DISTANCIA (2) | J28: (1) * (2) | K28: TARIFA | L28: Vr. UNITARIO
J32: SUBTOTAL $ | L32: =SUM(L29:L31) -> 0
B34: IV. MANO DE OBRA
B36: CÓDIGO | C36: DESCRIPCIÓN | H36: JORNAL | I36: PRESTACIONES (%) | J36: JR. TOTAL | K36: RENDIMIENTO | L36: Vr. UNITARIO
C37: 1 Oficial y 1 Obrero. | H37: =+J37/I37*100 -> 128115.14 | I37: 185 | J37: 237013 | K37: 0.093618944 | L37: =+K37*J37 -> 22188.907
L38: =+K38*J38 -> 0
J40: SUBTOTAL $ | L40: =SUM(L37:L39) -> 22188.907
I42: TOTAL COSTO DIRECTO $ | L42: =L15+L24+L32+L40 -> 31880.443
E48: Firma

Sheet 13
F1: APU - ANALISIS DE PRECIOS UNITARIOS
F5: ENTIDAD | G5: GOBERNACION DEL TOLIMA | K5: CIUDAD | L5: IBAGUE
B6: DATOS ESPECÍFICOS
B8: ÍTEM | C8: CAPITULO | E8: DESCRIPCIÓN | L8: UNIDAD
B9: 13 | C9: 1 | E9: =VLOOKUP(B9,'[54]PRESUPUESTO GENERAL '!A9:J34,2,FALSE) -> Mantenimiento de pisos (emboquillado, cambio de baldosas, desmanchado). (Con suministro de baldosas, boquillas y adhesivos). | L9: =VLOOKUP(B9,'[54]PRESUPUESTO GENERAL '!A10:G34,7,FALSE) -> M2
B11: I. EQUIPO
B12: CÓDIGO | C12: DESCRIPCIÓN | I12: TIPO | J12: TARIFA/HORA | K12: RENDIMIENTO | L12: Vr. UNITARIO
B13: EQ12 | C13: HERRAMIENTA MENOR | I13: % | K13: 0.15 | L13: =+K13*L41 -> 2995.649
L14: =+K14*J14 -> 0
J15: SUBTOTAL $ | L15: =SUM(L13:L14) -> 2995.649
B17: II. MATERIALES
B19: CÓDIGO | C19: DESCRIPCIÓN | I19: UNIDAD | J19: CANTIDAD | K19: PRECIO UNIT. | L19: Vr. UNITARIO
C20: Agua | I20: LT | J20: 20 | K20: 200 | L20: =J20*K20 -> 4000
C21: Baldosa ceramica para piso o muro | I21: Und | J21: 15 | K21: 8000 | L21: =+K21*J21 -> 120000
C22: Pegacor Blanco O Similar | I22: KG | J22: 1.5 | K22: 2200 | L22: =+K22*J22 -> 3300
C23: Boquilla | I23: KG | J23: 0.15 | K23: =75630/5 -> 15126 | L23: =J23*K23 -> 2268.9
J25: SUBTOTAL $ | L25: =SUM(L20:L24) -> 129568.9
B27: III. TRANSPORTES
B29: CÓDIGO | C29: DESCRIPCIÓN | G29: UNIDAD | H29: CANTIDAD (1) | I29: DISTANCIA (2) | J29: (1) * (2) | K29: TARIFA | L29: Vr. UNITARIO
J33: SUBTOTAL $ | L33: =SUM(L30:L32) -> 0
B35: IV. MANO DE OBRA
B37: CÓDIGO | C37: DESCRIPCIÓN | H37: JORNAL | I37: PRESTACIONES (%) | J37: JR. TOTAL | K37: RENDIMIENTO | L37: Vr. UNITARIO
C38: Cuadrilla de Un Oficial y (2) Obreros. | H38: =+J38/I38*100 -> 175565 | I38: 185 | J38: 324795.25 | K38: 0.061487948 | L38: =+K38*J38 -> 19970.993
L39: =+K39*J39 -> 0
J41: SUBTOTAL $ | L41: =SUM(L38:L40) -> 19970.993
I43: TOTAL COSTO DIRECTO $ | L43: =L15+L25+L33+L41 -> 152535.54
E49: Firma

Sheet 14
F1: APU - ANALISIS DE PRECIOS UNITARIOS
F5: ENTIDAD | G5: GOBERNACION DEL TOLIMA | K5: CIUDAD | L5: IBAGUE
B6: DATOS ESPECÍFICOS
B8: ÍTEM | C8: CAPITULO | E8: DESCRIPCIÓN | L8: UNIDAD
B9: 14 | C9: 1 | E9: =VLOOKUP(B9,'[54]PRESUPUESTO GENERAL '!A9:J34,2,FALSE) -> Fumigación y control de plagas por piso. (Incluye suministro de insumos y equipos de aplicación). | L9: =VLOOKUP(B9,'[54]PRESUPUESTO GENERAL '!A10:G34,7,FALSE) -> UND
B11: I. EQUIPO
B12: CÓDIGO | C12: DESCRIPCIÓN | I12: TIPO | J12: TARIFA/HORA | K12: RENDIMIENTO | L12: Vr. UNITARIO
B13: EQ12 | C13: HERRAMIENTA MENOR | I13: % | K13: 0.15 | L13: =+K13*L41 -> 189673.91
L14: =+K14*J14 -> 0
J15: SUBTOTAL $ | L15: =SUM(L13:L14) -> 189673.91
B17: II. MATERIALES
B19: CÓDIGO | C19: DESCRIPCIÓN | I19: UNIDAD | J19: CANTIDAD | K19: PRECIO UNIT. | L19: Vr. UNITARIO
L20: =J20*K20 -> 0
L21: =+K21*J21 -> 0
L22: =+K22*J22 -> 0
L23: =J23*K23 -> 0
J25: SUBTOTAL $ | L25: =SUM(L20:L24) -> 0
B27: III. TRANSPORTES
B29: CÓDIGO | C29: DESCRIPCIÓN | G29: UNIDAD | H29: CANTIDAD (1) | I29: DISTANCIA (2) | J29: (1) * (2) | K29: TARIFA | L29: Vr. UNITARIO
J33: SUBTOTAL $ | L33: =SUM(L30:L32) -> 0
B35: IV. MANO DE OBRA
B37: CÓDIGO | C37: DESCRIPCIÓN | H37: JORNAL | I37: PRESTACIONES (%) | J37: JR. TOTAL | K37: RENDIMIENTO | L37: Vr. UNITARIO
C38: Profesional En Fumigacion | H38: =+J38/I38*100 -> 135135.14 | I38: 185 | J38: 250000 | K38: 5.057971 | L38: =+K38*J38 -> 1264492.8
L39: =+K39*J39 -> 0
J41: SUBTOTAL $ | L41: =SUM(L38:L40) -> 1264492.8
I43: TOTAL COSTO DIRECTO $ | L43: =L15+L25+L33+L41 -> 1454166.7
E49: Firma

Sheet 15
F1: APU - ANALISIS DE PRECIOS UNITARIOS
F5: ENTIDAD | G5: GOBERNACION DEL TOLIMA | K5: CIUDAD | L5: IBAGUE
B6: DATOS ESPECÍFICOS
B8: ÍTEM | C8: CAPITULO | E8: DESCRIPCIÓN | L8: UNIDAD
B9: 15 | C9: 1 | E9: =VLOOKUP(B9,'[54]PRESUPUESTO GENERAL '!A9:J34,2,FALSE) -> Reparación de estructura metálica con soldadura eléctrica. (Incluye suministro de electrodos, materiales de refuerzo y mano de obra especializada). | L9: =VLOOKUP(B9,'[54]PRESUPUESTO GENERAL '!A10:G34,7,FALSE) -> UND
B11: I. EQUIPO
B12: CÓDIGO | C12: DESCRIPCIÓN | I12: TIPO | J12: TARIFA/HORA | K12: RENDIMIENTO | L12: Vr. UNITARIO
B13: EQ12 | C13: HERRAMIENTA MENOR | I13: % | K13: 0.15 | L13: =+K13*L43 -> 55430.38
C14: HERRAMIENTA MENOR ELECTRICA | J14: 11000 | K14: 2 | L14: =++K14*J14 -> 22000
C15: MOLDES PARA SOLDADURA | J15: 6300 | K15: 2 | L15: =+K15*J15 -> 12600
L16: =+K16*J16 -> 0
J17: SUBTOTAL $ | L17: =SUM(L13:L16) -> 90030.38
B19: II. MATERIALES
B21: CÓDIGO | C21: DESCRIPCIÓN | I21: UNIDAD | J21: CANTIDAD | K21: PRECIO UNIT. | L21: Vr. UNITARIO
L22: =J22*K22 -> 0
L23: =+K23*J23 -> 0
L24: =+K24*J24 -> 0
L25: =J25*K25 -> 0
J27: SUBTOTAL $ | L27: =SUM(L22:L26) -> 0
B29: III. TRANSPORTES
B31: CÓDIGO | C31: DESCRIPCIÓN | G31: UNIDAD | H31: CANTIDAD (1) | I31: DISTANCIA (2) | J31: (1) * (2) | K31: TARIFA | L31: Vr. UNITARIO
J35: SUBTOTAL $ | L35: =SUM(L32:L34) -> 0
B37: IV. MANO DE OBRA
B39: CÓDIGO | C39: DESCRIPCIÓN | H39: JORNAL | I39: PRESTACIONES (%) | J39: JR. TOTAL | K39: RENDIMIENTO | L39: Vr. UNITARIO
C40: Tecnico electricista | H40: =+J40/I40*100 -> 75920 | I40: 185 | J40: 140452 | K40: 2.0060474 | L40: =+K40*J40 -> 281753.37
C41: Ayudante | H41: =+J41/I41*100 -> 47450 | I41: 185 | J41: 87782.5 | K41: 1 | L41: =+K41*J41 -> 87782.5
J43: SUBTOTAL $ | L43: =SUM(L40:L42) -> 369535.87
I45: TOTAL COSTO DIRECTO $ | L45: =L17+L27+L35+L43 -> 459566.25
E51: Firma

Sheet 16
F1: APU - ANALISIS DE PRECIOS UNITARIOS
F5: ENTIDAD | G5: GOBERNACION DEL TOLIMA | K5: CIUDAD | L5: IBAGUE
B6: DATOS ESPECÍFICOS
B8: ÍTEM | C8: CAPITULO | E8: DESCRIPCIÓN | L8: UNIDAD
B9: 16 | C9: 1 | E9: =VLOOKUP(B9,'[54]PRESUPUESTO GENERAL '!A9:J34,2,FALSE) -> Mantenimiento de escaleras (cinta antideslizante, pintura de barandas). (Con suministro e instalación de materiales). | L9: =VLOOKUP(B9,'[54]PRESUPUESTO GENERAL '!A10:G34,7,FALSE) -> ML
B11: I. EQUIPO
B12: CÓDIGO | C12: DESCRIPCIÓN | I12: TIPO | J12: TARIFA/HORA | K12: RENDIMIENTO | L12: Vr. UNITARIO
B13: EQ12 | C13: HERRAMIENTA MENOR | I13: % | K13: 0.15 | L13: =+K13*L43 -> 5858.7091
L14: =++K14*J14 -> 0
L15: =+K15*J15 -> 0
L16: =+K16*J16 -> 0
J17: SUBTOTAL $ | L17: =SUM(L13:L16) -> 5858.7091
B19: II. MATERIALES
B21: CÓDIGO | C21: DESCRIPCIÓN | I21: UNIDAD | J21: CANTIDAD | K21: PRECIO UNIT. | L21: Vr. UNITARIO
C22: Cinta Antideslizante | I22: M | J22: 1.05 | K22: 21000 | L22: =J22*K22 -> 22050
C23: Pegamento | I23: Gal | J23: 0.5 | K23: 2400 | L23: =+K23*J23 -> 1200
L24: =+K24*J24 -> 0
L25: =J25*K25 -> 0
J27: SUBTOTAL $ | L27: =SUM(L22:L26) -> 23250
B29: III. TRANSPORTES
B31: CÓDIGO | C31: DESCRIPCIÓN | G31: UNIDAD | H31: CANTIDAD (1) | I31: DISTANCIA (2) | J31: (1) * (2) | K31: TARIFA | L31: Vr. UNITARIO
J35: SUBTOTAL $ | L35: =SUM(L32:L34) -> 0
B37: IV. MANO DE OBRA
B39: CÓDIGO | C39: DESCRIPCIÓN | H39: JORNAL | I39: PRESTACIONES (%) | J39: JR. TOTAL | K39: RENDIMIENTO | L39: Vr. UNITARIO
C40: Cuadrilla de Un Oficial y (2) Obreros. | H40: =+J40/I40*100 -> 175565 | I40: 185 | J40: 324795.25 | K40: 0.12025441 | L40: =+K40*J40 -> 39058.06
L41: =+K41*J41 -> 0
J43: SUBTOTAL $ | L43: =SUM(L40:L42) -> 39058.06
I45: TOTAL COSTO DIRECTO $ | L45: =L17+L27+L35+L43 -> 68166.769
E51: Firma

Sheet 17
F1: APU - ANALISIS DE PRECIOS UNITARIOS
F5: ENTIDAD | G5: GOBERNACION DEL TOLIMA | K5: CIUDAD | L5: IBAGUE
B6: DATOS ESPECÍFICOS
B8: ÍTEM | C8: CAPITULO | E8: DESCRIPCIÓN | L8: UNIDAD
B9: 17 | C9: 1 | E9: =VLOOKUP(B9,'[54]PRESUPUESTO GENERAL '!A9:J34,2,FALSE) -> Reparación de puertas de vidrio templado. (Incluye suministro de soportes, chapas, topes y accesorios). | L9: =VLOOKUP(B9,'[54]PRESUPUESTO GENERAL '!A10:G34,7,FALSE) -> UN
B11: I. EQUIPO
B12: CÓDIGO | C12: DESCRIPCIÓN | I12: TIPO | J12: TARIFA/HORA | K12: RENDIMIENTO | L12: Vr. UNITARIO
B13: EQ12 | C13: HERRAMIENTA MENOR | I13: % | K13: 0.15 | L13: =+K13*L43 -> 8361.4761
L14: =++K14*J14 -> 0
L15: =+K15*J15 -> 0
L16: =+K16*J16 -> 0
J17: SUBTOTAL $ | L17: =SUM(L13:L16) -> 8361.4761
B19: II. MATERIALES
B21: CÓDIGO | C21: DESCRIPCIÓN | I21: UNIDAD | J21: CANTIDAD | K21: PRECIO UNIT. | L21: Vr. UNITARIO
C22: Chapas | I22: UND | J22: 1 | K22: 66855 | L22: =J22*K22 -> 66855
C23: Bisagras | I23: UND | J23: 1 | K23: 115000 | L23: =+K23*J23 -> 115000
C24: Guia de piso | I24: UND | J24: 1 | K24: 87000 | L24: =+K24*J24 -> 87000
C25: Soporte | I25: UND | J25: 1 | K25: 35000 | L25: =J25*K25 -> 35000
J27: SUBTOTAL $ | L27: =SUM(L22:L26) -> 303855
B29: III. TRANSPORTES
B31: CÓDIGO | C31: DESCRIPCIÓN | G31: UNIDAD | H31: CANTIDAD (1) | I31: DISTANCIA (2) | J31: (1) * (2) | K31: TARIFA | L31: Vr. UNITARIO
J35: SUBTOTAL $ | L35: =SUM(L32:L34) -> 0
B37: IV. MANO DE OBRA
B39: CÓDIGO | C39: DESCRIPCIÓN | H39: JORNAL | I39: PRESTACIONES (%) | J39: JR. TOTAL | K39: RENDIMIENTO | L39: Vr. UNITARIO
C40: Obrero (2) | H40: =+J40/I40*100 -> 47450 | I40: 185 | J40: 87782.5 | K40: 0.63501465 | L40: =+K40*J40 -> 55743.174
L41: =+K41*J41 -> 0
J43: SUBTOTAL $ | L43: =SUM(L40:L42) -> 55743.174
I45: TOTAL COSTO DIRECTO $ | L45: =L17+L27+L35+L43 -> 367959.65
E51: Firma

Sheet 18
F1: APU - ANALISIS DE PRECIOS UNITARIOS
F5: ENTIDAD | G5: GOBERNACION DEL TOLIMA | K5: CIUDAD | L5: IBAGUE
B6: DATOS ESPECÍFICOS
B8: ÍTEM | C8: CAPITULO | E8: DESCRIPCIÓN | L8: UNIDAD
B9: 18 | C9: 1 | E9: =VLOOKUP(B9,'[54]PRESUPUESTO GENERAL '!A9:J34,2,FALSE) -> Instalación de paredes en drywall (estructura liviana, muro doble). (Con suministro de perfilería, láminas y tornillería). | L9: =VLOOKUP(B9,'[54]PRESUPUESTO GENERAL '!A10:G34,7,FALSE) -> M2
B11: I. EQUIPO
B12: CÓDIGO | C12: DESCRIPCIÓN | I12: TIPO | J12: TARIFA/HORA | K12: RENDIMIENTO | L12: Vr. UNITARIO
B13: EQ12 | C13: HERRAMIENTA MENOR | I13: % | K13: 0.1 | L13: =+K13*L48 -> 5793.5894
L14: =++K14*J14 -> 0
L15: =+K15*J15 -> 0
L16: =+K16*J16 -> 0
J17: SUBTOTAL $ | L17: =SUM(L13:L16) -> 5793.5894
B19: II. MATERIALES
B21: CÓDIGO | C21: DESCRIPCIÓN | I21: UNIDAD | J21: CANTIDAD | K21: PRECIO UNIT. | L21: Vr. UNITARIO
C22: Lámina Drywall Superboard 8mm x 2440mm x 1220mm | I22: M | J22: 0.7447 | K22: 85000 | L22: =J22*K22 -> 63299.5
C23: Topex Cinta papel 75 metros x 50 mm caja de 10 unidades | I23: M | J23: 0.005 | K23: 136000 | L23: =J23*K23 -> 680
C24: Tornillos autoroscantes de 6 X 1" para dry wall punta broca | I24: UND | J24: 0.27 | K24: 33000 | L24: =J24*K24 -> 8910
C25: Perfil canal estructural para lámina fibrocemento en sistemas livianos (89 mm) 2.44 m | I25: M | J25: 0.82 | K25: 26000 | L25: =J25*K25 -> 21320
L26: =J26*K26 -> 0
L27: =J27*K27 -> 0
L28: =J28*K28 -> 0
L29: =J29*K29 -> 0
L30: =J30*K30 -> 0
J32: SUBTOTAL $ | L32: =SUM(L22:L31) -> 94209.5
B34: III. TRANSPORTES
B36: CÓDIGO | C36: DESCRIPCIÓN | G36: UNIDAD | H36: CANTIDAD (1) | I36: DISTANCIA (2) | J36: (1) * (2) | K36: TARIFA | L36: Vr. UNITARIO
J40: SUBTOTAL $ | L40: =SUM(L37:L39) -> 0
B42: IV. MANO DE OBRA
B44: CÓDIGO | C44: DESCRIPCIÓN | H44: JORNAL | I44: PRESTACIONES (%) | J44: JR. TOTAL | K44: RENDIMIENTO | L44: Vr. UNITARIO
C45: 1 Oficial y 1 Obrero. | H45: =+J45/I45*100 -> 128115 | I45: 185 | J45: 237012.75 | K45: 4.0909483 | L45: =+J45/K45 -> 57935.894
L46: =+K46*J46 -> 0
J48: SUBTOTAL $ | L48: =SUM(L45:L47) -> 57935.894
I50: TOTAL COSTO DIRECTO $ | L50: =L17+L32+L40+L48 -> 157938.98
E56: Firma

Sheet 19
F1: APU - ANALISIS DE PRECIOS UNITARIOS
F5: ENTIDAD | G5: GOBERNACION DEL TOLIMA | K5: CIUDAD | L5: IBAGUE
B6: DATOS ESPECÍFICOS
B8: ÍTEM | C8: CAPITULO | E8: DESCRIPCIÓN | L8: UNIDAD
B9: 19 | C9: 1 | E9: =VLOOKUP(B9,'[54]PRESUPUESTO GENERAL '!A9:J34,2,FALSE) -> Instalación de estructura en Super Board. (Incluye suministro de paneles y estructura). | L9: =VLOOKUP(B9,'[54]PRESUPUESTO GENERAL '!A10:G34,7,FALSE) -> M2
B11: I. EQUIPO
B12: CÓDIGO | C12: DESCRIPCIÓN | I12: TIPO | J12: TARIFA/HORA | K12: RENDIMIENTO | L12: Vr. UNITARIO
B13: EQ12 | C13: HERRAMIENTA MENOR | I13: % | K13: 0.1 | L13: =+K13*L48 -> 5151.3289
L14: =++K14*J14 -> 0
L15: =+K15*J15 -> 0
L16: =+K16*J16 -> 0
J17: SUBTOTAL $ | L17: =SUM(L13:L16) -> 5151.3289
B19: II. MATERIALES
B21: CÓDIGO | C21: DESCRIPCIÓN | I21: UNIDAD | J21: CANTIDAD | K21: PRECIO UNIT. | L21: Vr. UNITARIO
C22: CANAL 92 MM CAL 20 | I22: ML | J22: 0.82 | K22: 41167 | L22: =J22*K22 -> 33756.94
C23: PARAL 92 MM CAL 26 | I23: ML | J23: 1.7 | K23: 11971 | L23: =J23*K23 -> 20350.7
C24: CARGA FULMINANTE FUERTE + CLAVO 5/16" B. VEL. 1" | I24: UN | J24: 5 | K24: 560 | L24: =J24*K24 -> 2800
C25: TORNILLO CABEZA EXTRAPLANA 8X1/2" | I25: UN | J25: 10 | K25: 139 | L25: =J25*K25 -> 1390
C26: LAMINA SUPERBOARD 8MM | I26: M2 | J26: 1.1 | K26: 31000 | L26: =J26*K26 -> 34100
C27: TORNILLO 7 X 7/16 | I27: UN | J27: 6 | K27: 29 | L27: =J27*K27 -> 174
C28: CINTA EN FIBRA DE VIDRIO DE 50 MM, 90 MM | I28: RL | J28: 0.008 | K28: 13706 | L28: =J28*K28 -> 109.648
C29: MASILLA SUPERMASTICO 5GLN | I29: GLN | J29: 0.286 | K29: 79635 | L29: =J29*K29 -> 22775.61
C30: LIJA DE AGUA 965 SUPER | I30: UN | J30: 1.5 | K30: 1787 | L30: =J30*K30 -> 2680.5
J32: SUBTOTAL $ | L32: =SUM(L22:L31) -> 118137.4
B34: III. TRANSPORTES
B36: CÓDIGO | C36: DESCRIPCIÓN | G36: UNIDAD | H36: CANTIDAD (1) | I36: DISTANCIA (2) | J36: (1) * (2) | K36: TARIFA | L36: Vr. UNITARIO
J40: SUBTOTAL $ | L40: =SUM(L37:L39) -> 0
B42: IV. MANO DE OBRA
B44: CÓDIGO | C44: DESCRIPCIÓN | H44: JORNAL | I44: PRESTACIONES (%) | J44: JR. TOTAL | K44: RENDIMIENTO | L44: Vr. UNITARIO
C45: 1 Oficial y 1 Obrero. | H45: =+J45/I45*100 -> 128115 | I45: 185 | J45: 237012.75 | K45: 4.601002 | L45: =+J45/K45 -> 51513.289
L46: =+K46*J46 -> 0
J48: SUBTOTAL $ | L48: =SUM(L45:L47) -> 51513.289
I50: TOTAL COSTO DIRECTO $ | L50: =L17+L32+L40+L48 -> 174802.02
E56: Firma

Sheet 20
F1: APU - ANALISIS DE PRECIOS UNITARIOS
F5: ENTIDAD | G5: GOBERNACION DEL TOLIMA | K5: CIUDAD | L5: IBAGUE
B6: DATOS ESPECÍFICOS
B8: ÍTEM | C8: CAPITULO | E8: DESCRIPCIÓN | L8: UNIDAD
B9: 20 | C9: 1 | E9: =VLOOKUP(B9,'[54]PRESUPUESTO GENERAL '!A9:J34,2,FALSE) -> Instalación de cielo raso en drywall. (Con suministro de materiales completos para instalación). | L9: =VLOOKUP(B9,'[54]PRESUPUESTO GENERAL '!A10:G34,7,FALSE) -> M2
B11: I. EQUIPO
B12: CÓDIGO | C12: DESCRIPCIÓN | I12: TIPO | J12: TARIFA/HORA | K12: RENDIMIENTO | L12: Vr. UNITARIO
B13: EQ12 | C13: HERRAMIENTA MENOR | I13: % | K13: 0.1 | L13: =+K13*L48 -> 6429.7106
L14: =++K14*J14 -> 0
L15: =+K15*J15 -> 0
L16: =+K16*J16 -> 0
J17: SUBTOTAL $ | L17: =SUM(L13:L16) -> 6429.7106
B19: II. MATERIALES
B21: CÓDIGO | C21: DESCRIPCIÓN | I21: UNIDAD | J21: CANTIDAD | K21: PRECIO UNIT. | L21: Vr. UNITARIO
C22: Lámina Drywall Superboard 8mm x 2440mm x 1220mm | I22: UD | J22: 0.3 | K22: 85000 | L22: =J22*K22 -> 25500
C23: DRYWALL PERFIL OMEGA CALIBRE 26 X 2.44 | I23: UND | J23: 1 | K23: 11111 | L23: =J23*K23 -> 11111
C24: Angulos | I24: UND | J24: 1 | K24: 15000 | L24: =J24*K24 -> 15000
C25: Masilla | I25: GAL | J25: 0.15 | K25: 9000 | L25: =J25*K25 -> 1350
C26: Cinta | I26: M | J26: 4 | K26: 2000 | L26: =J26*K26 -> 8000
C27: Pintura tipo 1 Blanca | I27: GAL | J27: 0.15 | K27: 55000 | L27: =J27*K27 -> 8250
L28: =J28*K28 -> 0
L29: =J29*K29 -> 0
L30: =J30*K30 -> 0
J32: SUBTOTAL $ | L32: =SUM(L22:L31) -> 69211
B34: III. TRANSPORTES
B36: CÓDIGO | C36: DESCRIPCIÓN | G36: UNIDAD | H36: CANTIDAD (1) | I36: DISTANCIA (2) | J36: (1) * (2) | K36: TARIFA | L36: Vr. UNITARIO
J40: SUBTOTAL $ | L40: =SUM(L37:L39) -> 0
B42: IV. MANO DE OBRA
B44: CÓDIGO | C44: DESCRIPCIÓN | H44: JORNAL | I44: PRESTACIONES (%) | J44: JR. TOTAL | K44: RENDIMIENTO | L44: Vr. UNITARIO
C45: 1 Oficial y 1 Obrero. | H45: =+J45/I45*100 -> 128115 | I45: 185 | J45: 237012.75 | K45: 3.6862118 | L45: =+J45/K45 -> 64297.106
L46: =+K46*J46 -> 0
J48: SUBTOTAL $ | L48: =SUM(L45:L47) -> 64297.106
I50: TOTAL COSTO DIRECTO $ | L50: =L17+L32+L40+L48 -> 139937.82
E56: Firma

Sheet 21
F1: APU - ANALISIS DE PRECIOS UNITARIOS
F5: ENTIDAD | G5: GOBERNACION DEL TOLIMA | K5: CIUDAD | L5: IBAGUE
B6: DATOS ESPECÍFICOS
B8: ÍTEM | C8: CAPITULO | E8: DESCRIPCIÓN | L8: UNIDAD
B9: 21 | C9: 1 | E9: =VLOOKUP(B9,'[54]PRESUPUESTO GENERAL '!A9:J34,2,FALSE) -> Instalación de alistado para piso. (Incluye materiales de nivelación y fijación). | L9: =VLOOKUP(B9,'[54]PRESUPUESTO GENERAL '!A10:G34,7,FALSE) -> M2
B11: I. EQUIPO
B12: CÓDIGO | C12: DESCRIPCIÓN | I12: TIPO | J12: TARIFA/HORA | K12: RENDIMIENTO | L12: Vr. UNITARIO
B13: EQ12 | C13: HERRAMIENTA MENOR | I13: % | K13: 0.1 | L13: =+K13*L48 -> 3068.0068
L14: =++K14*J14 -> 0
L15: =+K15*J15 -> 0
L16: =+K16*J16 -> 0
J17: SUBTOTAL $ | L17: =SUM(L13:L16) -> 3068.0068
B19: II. MATERIALES
B21: CÓDIGO | C21: DESCRIPCIÓN | I21: UNIDAD | J21: CANTIDAD | K21: PRECIO UNIT. | L21: Vr. UNITARIO
C22: Mortero 1:4 | I22: M3 | J22: 0.025 | K22: 532000 | L22: =J22*K22 -> 13300
L23: =J23*K23 -> 0
L24: =J24*K24 -> 0
L25: =J25*K25 -> 0
L26: =J26*K26 -> 0
L27: =J27*K27 -> 0
L28: =J28*K28 -> 0
L29: =J29*K29 -> 0
L30: =J30*K30 -> 0
J32: SUBTOTAL $ | L32: =SUM(L22:L31) -> 13300
B34: III. TRANSPORTES
B36: CÓDIGO | C36: DESCRIPCIÓN | G36: UNIDAD | H36: CANTIDAD (1) | I36: DISTANCIA (2) | J36: (1) * (2) | K36: TARIFA | L36: Vr. UNITARIO
J40: SUBTOTAL $ | L40: =SUM(L37:L39) -> 0
B42: IV. MANO DE OBRA
B44: CÓDIGO | C44: DESCRIPCIÓN | H44: JORNAL | I44: PRESTACIONES (%) | J44: JR. TOTAL | K44: RENDIMIENTO | L44: Vr. UNITARIO
C45: 1 Oficial y 1 Obrero. | H45: =+J45/I45*100 -> 128115 | I45: 185 | J45: 237012.75 | K45: 7.7253006 | L45: =+J45/K45 -> 30680.068
L46: =+K46*J46 -> 0
J48: SUBTOTAL $ | L48: =SUM(L45:L47) -> 30680.068
I50: TOTAL COSTO DIRECTO $ | L50: =L17+L32+L40+L48 -> 47048.075
E56: Firma

Sheet 22
F1: APU - ANALISIS DE PRECIOS UNITARIOS
F5: ENTIDAD | G5: GOBERNACION DEL TOLIMA | K5: CIUDAD | L5: IBAGUE
B6: DATOS ESPECÍFICOS
B8: ÍTEM | C8: CAPITULO | E8: DESCRIPCIÓN | L8: UNIDAD
B9: 22 | C9: 1 | E9: =VLOOKUP(B9,'[54]PRESUPUESTO GENERAL '!A9:J34,2,FALSE) -> Instalación de enchape. (Con suministro de cerámica, adhesivos y boquillas). | L9: =VLOOKUP(B9,'[54]PRESUPUESTO GENERAL '!A10:G34,7,FALSE) -> M2
B11: I. EQUIPO
B12: CÓDIGO | C12: DESCRIPCIÓN | I12: TIPO | J12: TARIFA/HORA | K12: RENDIMIENTO | L12: Vr. UNITARIO
B13: EQ12 | C13: HERRAMIENTA MENOR | I13: % | K13: 0.1 | L13: =+K13*L48 -> 2642.2614
L14: =++K14*J14 -> 0
L15: =+K15*J15 -> 0
L16: =+K16*J16 -> 0
J17: SUBTOTAL $ | L17: =SUM(L13:L16) -> 2642.2614
B19: II. MATERIALES
B21: CÓDIGO | C21: DESCRIPCIÓN | I21: UNIDAD | J21: CANTIDAD | K21: PRECIO UNIT. | L21: Vr. UNITARIO
C22: Agua | I22: Lt | J22: 20 | K22: 26.88 | L22: =J22*K22 -> 537.6
C23: Enchape de 25x35cm hasta 30x60 cm, color blanco | I23: m2 | J23: 1.05 | K23: 47000 | L23: =J23*K23 -> 49350
C24: Pegacor blanco o similar | I24: Kg | J24: 1.5 | K24: 3265.92 | L24: =J24*K24 -> 4898.88
C25: Boquilla | I25: kg | J25: 0.15 | K25: 9296 | L25: =J25*K25 -> 1394.4
L26: =J26*K26 -> 0
L27: =J27*K27 -> 0
L28: =J28*K28 -> 0
L29: =J29*K29 -> 0
L30: =J30*K30 -> 0
J32: SUBTOTAL $ | L32: =SUM(L22:L31) -> 56180.88
B34: III. TRANSPORTES
B36: CÓDIGO | C36: DESCRIPCIÓN | G36: UNIDAD | H36: CANTIDAD (1) | I36: DISTANCIA (2) | J36: (1) * (2) | K36: TARIFA | L36: Vr. UNITARIO
J40: SUBTOTAL $ | L40: =SUM(L37:L39) -> 0
B42: IV. MANO DE OBRA
B44: CÓDIGO | C44: DESCRIPCIÓN | H44: JORNAL | I44: PRESTACIONES (%) | J44: JR. TOTAL | K44: RENDIMIENTO | L44: Vr. UNITARIO
C45: 1 Oficial y 1 Obrero. | H45: =+J45/I45*100 -> 128115 | I45: 185 | J45: 237012.75 | K45: 8.970072 | L45: =+J45/K45 -> 26422.614
L46: =+K46*J46 -> 0
J48: SUBTOTAL $ | L48: =SUM(L45:L47) -> 26422.614
I50: TOTAL COSTO DIRECTO $ | L50: =L17+L32+L40+L48 -> 85245.756
E56: Firma

Sheet 23
F1: APU - ANALISIS DE PRECIOS UNITARIOS
F5: ENTIDAD | G5: GOBERNACION DEL TOLIMA | K5: CIUDAD | L5: IBAGUE
B6: DATOS ESPECÍFICOS
B8: ÍTEM | C8: CAPITULO | E8: DESCRIPCIÓN | L8: UNIDAD
B9: 23 | C9: 1 | E9: =VLOOKUP(B9,'[54]PRESUPUESTO GENERAL '!A9:J34,2,FALSE) -> Instalación de vidrios templados. (Incluye suministro de vidrios, herrajes y fijaciones). | L9: =VLOOKUP(B9,'[54]PRESUPUESTO GENERAL '!A10:G34,7,FALSE) -> M2
B11: I. EQUIPO
B12: CÓDIGO | C12: DESCRIPCIÓN | I12: TIPO | J12: TARIFA/HORA | K12: RENDIMIENTO | L12: Vr. UNITARIO
B13: EQ12 | C13: HERRAMIENTA MENOR | I13: % | K13: 0.1 | L13: =+K13*L43 -> 2828.5371
L14: =++K14*J14 -> 0
L15: =+K15*J15 -> 0
L16: =+K16*J16 -> 0
J17: SUBTOTAL $ | L17: =SUM(L13:L16) -> 2828.5371
B19: II. MATERIALES
B21: CÓDIGO | C21: DESCRIPCIÓN | I21: UNIDAD | J21: CANTIDAD | K21: PRECIO UNIT. | L21: Vr. UNITARIO
C22: Luna de vidrio templado incoloro, de 10 mm de espesor, incluso parte proporcional de herrajes de fijación | I22: M2 | J22: 1 | K22: 96000 | L22: =J22*K22 -> 96000
C23: Cartucho de silicona sintética incolora de 310 ml (rendimiento aproximado de 12 m por cartucho). | I23: m2 | J23: 0.3 | K23: 19000 | L23: =J23*K23 -> 5700
C24: Material auxiliar para la colocación de vidrios. | I24: Kg | J24: 1.5 | K24: 3265.92 | L24: =J24*K24 -> 4898.88
L25: =J25*K25 -> 0
J27: SUBTOTAL $ | L27: =SUM(L22:L26) -> 106598.88
B29: III. TRANSPORTES
B31: CÓDIGO | C31: DESCRIPCIÓN | G31: UNIDAD | H31: CANTIDAD (1) | I31: DISTANCIA (2) | J31: (1) * (2) | K31: TARIFA | L31: Vr. UNITARIO
J35: SUBTOTAL $ | L35: =SUM(L32:L34) -> 0
B37: IV. MANO DE OBRA
B39: CÓDIGO | C39: DESCRIPCIÓN | H39: JORNAL | I39: PRESTACIONES (%) | J39: JR. TOTAL | K39: RENDIMIENTO | L39: Vr. UNITARIO
C40: 1 Oficial y 1 Obrero. | H40: =+J40/I40*100 -> 128115 | I40: 185 | J40: 237012.75 | K40: 8.3793402 | L40: =+J40/K40 -> 28285.371
L41: =+K41*J41 -> 0
J43: SUBTOTAL $ | L43: =SUM(L40:L42) -> 28285.371
I45: TOTAL COSTO DIRECTO $ | L45: =L17+L27+L35+L43 -> 137712.79
E51: Firma

Sheet 24
F1: APU - ANALISIS DE PRECIOS UNITARIOS
F5: ENTIDAD | G5: GOBERNACION DEL TOLIMA | K5: CIUDAD | L5: IBAGUE
B6: DATOS ESPECÍFICOS
B8: ÍTEM | C8: CAPITULO | E8: DESCRIPCIÓN | L8: UNIDAD
B9: 24 | C9: 1 | E9: =VLOOKUP(B9,'[54]PRESUPUESTO GENERAL '!A9:J34,2,FALSE) -> Instalación de divisiones en aluminio estructural. (Con suministro completo de perfiles, paneles y herrajes). | L9: =VLOOKUP(B9,'[54]PRESUPUESTO GENERAL '!A10:G34,7,FALSE) -> M2
B11: I. EQUIPO
B12: CÓDIGO | C12: DESCRIPCIÓN | I12: TIPO | J12: TARIFA/HORA | K12: RENDIMIENTO | L12: Vr. UNITARIO
B13: EQ12 | C13: HERRAMIENTA MENOR | I13: % | K13: 0.1 | L13: =+K13*L43 -> 35396.103
L14: =++K14*J14 -> 0
L15: =+K15*J15 -> 0
L16: =+K16*J16 -> 0
J17: SUBTOTAL $ | L17: =SUM(L13:L16) -> 35396.103
B19: II. MATERIALES
B21: CÓDIGO | C21: DESCRIPCIÓN | I21: UNIDAD | J21: CANTIDAD | K21: PRECIO UNIT. | L21: Vr. UNITARIO
C22: División para baño en aluminio anoloc y acrílico | I22: M | J22: 1 | K22: 349000 | L22: =J22*K22 -> 349000
L23: =J23*K23 -> 0
L24: =J24*K24 -> 0
L25: =J25*K25 -> 0
J27: SUBTOTAL $ | L27: =SUM(L22:L26) -> 349000
B29: III. TRANSPORTES
B31: CÓDIGO | C31: DESCRIPCIÓN | G31: UNIDAD | H31: CANTIDAD (1) | I31: DISTANCIA (2) | J31: (1) * (2) | K31: TARIFA | L31: Vr. UNITARIO
J35: SUBTOTAL $ | L35: =SUM(L32:L34) -> 0
B37: IV. MANO DE OBRA
B39: CÓDIGO | C39: DESCRIPCIÓN | H39: JORNAL | I39: PRESTACIONES (%) | J39: JR. TOTAL | K39: RENDIMIENTO | L39: Vr. UNITARIO
C40: 1 Oficial y 1 Obrero. | H40: =+J40/I40*100 -> 128115 | I40: 185 | J40: 237012.75 | K40: 0.66960125 | L40: =+J40/K40 -> 353961.03
L41: =+K41*J41 -> 0
J43: SUBTOTAL $ | L43: =SUM(L40:L42) -> 353961.03
I45: TOTAL COSTO DIRECTO $ | L45: =L17+L27+L35+L43 -> 738357.13
E51: Firma

Sheet 25
F1: APU - ANALISIS DE PRECIOS UNITARIOS
F5: ENTIDAD | G5: GOBERNACION DEL TOLIMA | K5: CIUDAD | L5: IBAGUE
B6: DATOS ESPECÍFICOS
B8: ÍTEM | C8: CAPITULO | E8: DESCRIPCIÓN | L8: UNIDAD
B9: 25 | C9: 1 | E9: =VLOOKUP(B9,'[54]PRESUPUESTO GENERAL '!A9:J34,2,FALSE) -> Aseo general y limpieza de superficies | L9: =VLOOKUP(B9,'[54]PRESUPUESTO GENERAL '!A10:G34,7,FALSE) -> M2
B11: I. EQUIPO
B12: CÓDIGO | C12: DESCRIPCIÓN | I12: TIPO | J12: TARIFA/HORA | K12: RENDIMIENTO | L12: Vr. UNITARIO
B13: EQ12 | C13: HERRAMIENTA MENOR | I13: % | K13: 0.1 | L13: =+K13*L43 -> 535.62901
L14: =++K14*J14 -> 0
L15: =+K15*J15 -> 0
L16: =+K16*J16 -> 0
J17: SUBTOTAL $ | L17: =SUM(L13:L16) -> 535.62901
B19: II. MATERIALES
B21: CÓDIGO | C21: DESCRIPCIÓN | I21: UNIDAD | J21: CANTIDAD | K21: PRECIO UNIT. | L21: Vr. UNITARIO
L22: =J22*K22 -> 0
L23: =J23*K23 -> 0
L24: =J24*K24 -> 0
L25: =J25*K25 -> 0
J27: SUBTOTAL $ | L27: =SUM(L22:L26) -> 0
B29: III. TRANSPORTES
B31: CÓDIGO | C31: DESCRIPCIÓN | G31: UNIDAD | H31: CANTIDAD (1) | I31: DISTANCIA (2) | J31: (1) * (2) | K31: TARIFA | L31: Vr. UNITARIO
J35: SUBTOTAL $ | L35: =SUM(L32:L34) -> 0
B37: IV. MANO DE OBRA
B39: CÓDIGO | C39: DESCRIPCIÓN | H39: JORNAL | I39: PRESTACIONES (%) | J39: JR. TOTAL | K39: RENDIMIENTO | L39: Vr. UNITARIO
C40: 1 Oficial y 1 Obrero. | H40: =+J40/I40*100 -> 128115 | I40: 185 | J40: 237012.75 | K40: 44.249424 | L40: =+J40/K40 -> 5356.2901
L41: =+K41*J41 -> 0
J43: SUBTOTAL $ | L43: =SUM(L40:L42) -> 5356.2901
I45: TOTAL COSTO DIRECTO $ | L45: =L17+L27+L35+L43 -> 5891.9191
E51: Firma
